 Seeded DCSS version 0.30.1-4-g462c640d31 (webtiles) character file.

Game seed: 5767496502683421384 (custom seed)

583770 hilljack the Acrobat (level 26, -4/248 HPs)
             Began as a Minotaur Gladiator on Aug 19, 2023.
             Was the Champion of Jiyva.
             Slain by a green draconian
             ... wielding a +0 battleaxe
             ... led by a black draconian knight
              (31 damage)
             ... on level 4 of the Realm of Zot.
             The game lasted 03:07:39 (90774 turns).

hilljack the Acrobat (Minotaur Gladiator)          Turns: 90774, Time: 03:07:40

Health: -4/248     AC: 22    Str: 29    XL:     26   Next: 1%
Magic:  33/33      EV: 26    Int:  4    God:    Jiyva [******]
Gold:   1145       SH: 19    Dex: 17    Spells: 25/25 levels left

rFire   + . .        a - +9 demon blade (freeze)
rCold   + . .        T - +3 kite shield {rF+}
rNeg    + + .        b - +0 faerie dragon scales {Contam +Inv rN++ Will+ rCorr}
rPois   +            (helmet unavailable)
rElec   +            G - +1 cloak {Will+}
rCorr   +            (gloves unavailable)
SInv    .            K - +2 pair of boots {Stlth+}
Will    +++++        t - amulet "Hiskah" {rC+ Will+ Regen+ Str+3}
Stlth   ++++++++     i - +4 ring of slaying
HPRegen 4.61/turn    O - ring of the Yeti {rElec Will+ Dex-3 Stlth+}
MPRegen 0.73/turn

%: clarity
@: studying 2 skills
A: horns 3, retaliatory headbutt, claws 3, hooves 1, iridescent scales 1,
clarity, poison resistance, regeneration 2, shaggy fur 1, strong 1, acidic bite,
gelatinous body 1, MP-powered wands
}: 3/15 runes: decaying, serpentine, silver
a: Renounce Religion, Evoke Invisibility, Oozemancy, Slimify


You were on level 4 of the Realm of Zot.
You worshipped Jiyva.
Jiyva was exalted by your worship.
You visited 12 branches of the dungeon, and saw 55 of its levels.
You visited 2 bazaars.
You also visited: Ice Cave and Desolation.

You collected 6869 gold pieces.
You spent 5724 gold pieces at shops.

Inventory:

Hand Weapons
 a - a +9 demon blade of freezing (weapon)
 W - a +5 demon blade of venom
Missiles
 d - 9 throwing nets (quivered)
 M - 3 silver javelins
Armour
 b - the +0 faerie dragon scales (worn) {Contam +Inv rN++ Will+ rCorr}
   (You took it off the Enchantress on level 1 of the Depths)

   rN:        It greatly protects you from negative energy.
   +Inv:      It lets you turn invisible.
   Contam:    It causes magical contamination when unequipped.
   rCorr:     It protects you from acid and corrosion.
   Will:      It increases your willpower.
 G - a +1 cloak of willpower (worn)
 J - the +3 Mad Mage's Maulers {Infuse+∞ VampMP -Cast}
   (You acquired it on level 1 of the Swamp)

   Infuse+∞: It empowers its wearer's blows with all of their magic.
   VampMP:    Blows struck in melee replenish the wearer's magic.
   -Cast:     It prevents spellcasting.
 K - a +2 pair of boots of stealth (worn)
 N - a scarf of repulsion
 T - a +3 kite shield of fire resistance (worn)
Jewellery
 i - a +4 ring of slaying (left claw)
 j - the ring of Cheibriados, Nurturing {rPois Dex+3 SInv}
   (You acquired it on level 1 of the Dungeon)

   [ring of poison resistance]

   Dex:       It affects your dexterity (+3).
   rPois:     It protects you from poison.
   SInv:      It lets you see invisible.
 o - the ring "Axzes" {rElec rC- rN+ Int+3 Slay+4}
   (You found it on level 3 of the Crypt)

   [ring of positive energy]

   Int:       It affects your intelligence (+3).
   Slay:      It affects your accuracy & damage with ranged weapons and melee
   (+4).
   rC:        It makes you vulnerable to cold.
   rElec:     It insulates you from electricity.
   rN:        It protects you from negative energy.
 t - the amulet "Hiskah" (around neck) {rC+ Will+ Regen+ Str+3}
   (You found it on level 4 of the Snake Pit)

   [amulet of regeneration]

   Str:       It affects your strength (+3).
   rC:        It protects you from cold.
   Regen:     It increases your rate of health regeneration.
   Will:      It increases your willpower.
 z - the ring "Udaxzov" {rN+ MP+9}
   (You found it on level 3 of the Crypt)

   [ring of positive energy]

   rN:        It protects you from negative energy.
   MP:        It affects your magic capacity (+9).
 H - the ring "Yplodd" {+Blink Fly Str+2 Dex-4}
   (You took it off an orc warrior on level 10 of the Dungeon)

   [ring of flight]

   Str:       It affects your strength (+2).
   Dex:       It affects your dexterity (-4).
   Fly:       It grants you flight.
   +Blink:    It lets you blink.
 I - a +4 ring of slaying
 O - the ring of the Yeti (right claw) {rElec Will+ Dex-3 Stlth+}
   (You found it in the Desolation of Salt)

   [ring of willpower]

   Dex:       It affects your dexterity (-3).
   rElec:     It insulates you from electricity.
   Will:      It increases your willpower.
   Stlth:     It makes you more stealthy.
 P - the ring of Syndicalism {rN+ AC+4 Int+3 Dex+4}
   (You took it off an orc knight on level 5 of the Vaults)

   [ring of protection]

   AC:        It affects your AC (+4).
   Int:       It affects your intelligence (+3).
   Dex:       It affects your dexterity (+4).
   rN:        It protects you from negative energy.
Wands
 n - a wand of paralysis (13)
 x - a wand of roots (42)
 y - a wand of polymorph (12)
 E - a wand of acid (12)
 R - a wand of mindburst (13)
 Y - a wand of digging (19)
Scrolls
 c - 2 scrolls of blinking
 f - 13 scrolls of teleportation
 g - 7 scrolls of poison
 l - 6 scrolls of magic mapping
 v - 2 scrolls of fear
 A - 11 scrolls of fog
 B - 3 scrolls of immolation
 C - a scroll of butterflies
 U - 4 scrolls of silence
Potions
 h - a potion of ambrosia
 m - 2 potions of invisibility
 p - 7 potions of heal wounds
 r - 29 potions of curing
 u - 3 potions of cancellation
 F - 4 potions of berserk rage
 L - 7 potions of resistance
 S - 10 potions of lignification
 V - 5 potions of might
 X - 7 potions of mutation
 Z - 7 potions of attraction
Miscellaneous
 e - a lightning rod (4/4)
 k - the horn of Geryon
 q - a phantom mirror
 s - a phial of floods
 D - a condenser vane


   Skills:
 + Level 22.5 Fighting
 - Level 20.2 Long Blades
 - Level 2.0 Throwing
 - Level 20.4 Armour
 + Level 22.7 Dodging
 - Level 15.5 Stealth
 - Level 20.4 Shields
 - Level 15.0 Invocations
 - Level 20.0 Evocations


You had 25 spell levels left.
You didn't know any spells.
Your spell library contained the following spells:

 Spells                   Type           Power      Damage    Failure   Level
 Beastly Appendage        Tmut           0%         N/A       58%         1
 Freeze                   Ice            0%         1d3       58%         1
 Kiss of Death            Conj/Necr      0%         2d5       58%         1
 Shock                    Conj/Air       0%         1d3       58%         1
 Sting                    Tmut/Pois      0%         1d3       58%         1
 Summon Small Mammal      Summ           0%         N/A       58%         1
 Blink                    Tloc           0%         N/A       75%         2
 Ensorcelled Hibernation  Hex/Ice        0%         N/A       75%         2
 Lesser Beckoning         Tloc           0%         N/A       75%         2
 Static Discharge         Conj/Air       0%         2-2/arc   75%         2
 Sublimation of Blood     Necr           0%         N/A       75%         2
 Wereblood                Tmut           0%         N/A       75%         2
 Call Canine Familiar     Summ           0%         N/A       92%         3
 Confusing Touch          Hex            0%         N/A       92%         3
 Dazzling Flash           Conj/Hex       0%         N/A       92%         3
 Frozen Ramparts          Ice            0%         1d1       92%         3
 Gell's Gravitas          Tloc           0%         N/A       92%         3
 Hailstorm                Conj/Ice       0%         3d3       92%         3
 Inner Flame              Hex/Fire       0%         N/A       92%         3
 Portal Projectile        Hex/Tloc       0%         N/A       92%         3
 Spider Form              Tmut/Pois      0%         N/A       92%         3
 Swiftness                Air            0%         N/A       92%         3
 Teleport Other           Tloc           0%         N/A       92%         3
 Tukima's Dance           Hex            0%         N/A       92%         3
 Airstrike                Air            0%         2d(0-16)  100%        4
 Anguish                  Hex/Necr       0%         N/A       100%        4
 Cause Fear               Hex            0%         N/A       100%        4
 Dispel Undead            Necr           0%         3d6       100%        4
 Ice Form                 Ice/Tmut       0%         N/A       100%        4
 Leda's Liquefaction      Hex/Erth       0%         N/A       100%        4
 Manifold Assault         Tloc           0%         N/A       100%        4
 Sticky Flame             Conj/Fire      0%         2d3       100%        4
 Summon Ice Beast         Ice/Summ       0%         N/A       100%        4
 Summon Lightning Spire   Summ/Air       0%         N/A       100%        4
 Alistair's Intoxication  Tmut/Pois      0%         N/A       100%        5
 Blade Hands              Tmut           0%         N/A       100%        5
 Borgnjor's Vile Clutch   Necr/Erth      0%         N/A       100%        5
 Fireball                 Conj/Fire      0%         3d3       100%        5
 Iskenderun's Battlesphe  Conj           0%         2d6       100%        5
 Metabolic Englaciation   Hex/Ice        0%         N/A       100%        5
 Silence                  Hex/Air        0%         N/A       100%        5
 Summon Forest            Summ/Tloc      0%         N/A       100%        5
 Summon Mana Viper        Hex/Summ       0%         N/A       100%        5
 Yara's Violent Unravell  Hex/Tmut       0%         3d3       100%        5
 Conjure Ball Lightning   Conj/Air       0%         3x3d6     100%        6
 Dispersal                Tloc           0%         N/A       100%        6
 Eringya's Noxious Bog    Tmut/Pois      0%         N/A       100%        6
 Iron Shot                Conj/Erth      0%         9d1       100%        6
 Simulacrum               Ice/Necr       0%         N/A       100%        6
 Summon Cactus Giant      Summ           0%         N/A       100%        6
 Enfeeble                 Hex            0%         N/A       100%        7
 Spellforged Servitor     Conj/Summ      0%         N/A       100%        7
 Storm Form               Tmut/Air       0%         N/A       100%        7
 Borgnjor's Revivificati  Necr           0%         N/A       100%        8
 Maxwell's Capacitive Co  Air            0%         ∞         100%        8
 Necromutation            Tmut/Necr      0%         N/A       100%        8
 Chain Lightning          Conj/Air       0%         N/A       100%        9
 Death's Door             Necr           0%         N/A       100%        9
 Polar Vortex             Ice            0%         N/A       100%        9


Dungeon Overview and Level Annotations

Branches:
Dungeon (15/15)            Temple (0/1) D:4            Lair (5/5) D:10
  Swamp (4/4) Lair:3        Snake (4/4) Lair:3        Slime (5/5) Lair:4
    Orc (2/2) D:11            Elf (3/3) Orc:2        Vaults (5/5) D:13
  Crypt (3/3) Vaults:2       Tomb (0/3) Crypt:3      Depths (4/4) D:15
   Hell (visited)             Dis (0/7) Hell            Geh (0/7) Hell
    Coc (0/7) Hell            Tar (0/7) Hell            Zot (4/5) Depths:4
  IceCv (visited)         Desolation (visited)

Altars:
Hepliaklqana
Nemelex Xobeh
Trog
Uskayaw
Xom
Yredelemnul
Zin
Jiyva

Shops:
D:4 **   D:5 (   D:9 [   D:15 =(   Orc:1 *   Orc:2 ???:   Snake:3 =:=
Snake:4 *   Vaults:3 (   Depths:2 =!*   Depths:4 !

Portals:
Hell: Depths:1 Depths:2 Depths:3 Depths:4
Abyss: Depths:3
Pandemonium: Depths:1 Depths:2
Ziggurat: Depths:1

Annotations:
D:7 6 exclusions
Slime:5 Royal Jelly


Innate Abilities, Weirdness & Mutations

You have a pair of large horns on your head.
You reflexively headbutt those who attack you in melee.
You have claws for hands.
You have large cloven feet.
You are partially covered in iridescent scales. (AC +2)
You possess an exceptional clarity of mind.
Your system is resistant to poisons. (rPois)
You heal very quickly.
You are covered in fur. (AC +1)
Your muscles are strong. (Str +4, Int/Dex -1)
You have acidic saliva.
Your rubbery body absorbs attacks. (AC +1, EV +1)
You expend magic power (3 MP) to strengthen your wands.


Message History

The green draconian completely misses you.
The purple draconian shifter misses you.
You closely miss something. You bite something!
You block the moth of wrath's attack. Something hits you but does no damage.
The green draconian hits you with a +0 battleaxe!
* * * LOW HITPOINT WARNING * * *
You block the green draconian's attack.
You block the green draconian monk's attack.
The green draconian monk kicks you but does no damage.
The green draconian monk tail-slaps you.
* * * LOW HITPOINT WARNING * * *
The green draconian monk barely misses you.
You miss something. Your headbutt misses something. Your bite misses something.
The purple draconian shifter hits you but does no damage.
The moth of wrath completely misses you.
You furiously retaliate!
You headbutt the moth of wrath!
The green draconian hits you with a +0 battleaxe.
* * * LOW HITPOINT WARNING * * *
The green draconian tail-slaps you but does no damage.
Something hits you but does no damage.
You miss something.
You block the green draconian monk's attack. x2
The green draconian monk tail-slaps you!
* * * LOW HITPOINT WARNING * * *
The green draconian monk barely misses you.
The green draconian hits you with a +0 battleaxe!
* * * LOW HITPOINT WARNING * * *
The green draconian misses you. You block something's attack.
The moth of wrath misses you. You furiously retaliate!
You headbutt the moth of wrath! You miss something. Your bite misses something.
You block the purple draconian shifter's attack.
You block the green draconian monk's attack.
The green draconian monk kicks you.
* * * LOW HITPOINT WARNING * * *
You block the green draconian monk's attack.
The green draconian monk tail-slaps you but does no damage.
Something completely misses you.
The green draconian hits you with a +0 battleaxe!!
You die...

,,,,,,,,,,,,,,,.....#.# *#..##***
,*,******,,,,,,,.$....# #...#
,*,* ****,,,,......# #.#.### ,*,*
*****#.....# #.#...## ,,,********
#.....# #.#..... ,,,,,,,,,,*
#.....# #.#.....
,,,,,,,...#######.....####.#.....
,,,,,,,.........y†...............
,,,,,,,........{@q........##.....
,***+**###......qdq.......##.....
,***,****#...........†.)..##.....
,,,,,,,,⌠#.......####))#####.....
,,,*,****#.......# *##.#**#......
**,*,* #.......#**,...,*#......
**,*,* #.......#*,....,,##.....
**,*,* *##....?.#,.#####,,######
,,,*,* *,,,,,,,**.#*,,,**,*#####


You could see a green draconian monk (berserk, slow), a green draconian
(berserk), 2 draconians and a moth of wrath.

Vanquished Creatures
  3 dread liches
  3 ancient liches
  Parghit (Zot:2)
  Bai Suzhen (Depths:2)
  Vashnia (Snake:4)
  Xtahua (Vaults:3)
  A caustic shrike (Depths:3)
  Saint Roka (Crypt:2)
  Geryon (Hell)
  2 curse toes
  Nikola (Vaults:1)
  14 golden dragons
  4 bone dragons
  2 doom hounds (Crypt:3)
  the Enchantress (Depths:1)
  A shard shrike zombie (Crypt:3)
  3 electric golems (Zot:1)
  The ghost of Babbit the Hoplite, an adept MiFi of Okawaru (Vaults:1)
  Zenata (Elf:2)
  18 tentacled monstrosities
  Jorgrun (D:14)
  2 shard shrike skeletons (Crypt:3)
  Mlioglotl (Swamp:1)
  Grunn (Crypt:3)
  5 liches
  Asterion (Depths:2)
  3 titans (Vaults:5)
  2 deep elf master archers (Elf:3)
  2 quicksilver dragons (Depths:4)
  A walking frostbound tome (Depths:1)
  The ghost of suzumiya the Executioner, an adept MiGl of Lugonu (Snake:4)
  16 ancient champions
  3 deep elf blademasters
  7 death cobs
  5 tengu reavers
  Kirke (Snake:3)
  10 storm dragons
  3 sphinxes
  Donald (Orc:1)
  8 shadow dragons
  2 thorn hunters
  7 fire giants
  6 draconian monks
  2 revenants (Crypt:3)
  4 draconian knights
  5 nagarajas (Snake:4)
  A fenstrider witch (shapeshifter) (Vaults:3)
  8 frost giants
  9 deep elf sorcerers
  4 iron dragons
  22 vault wardens
  2 caustic shrike zombies
  A draconian scorcher (Zot:2)
  An orc warlord (Vaults:2)
  2 imperial myrmidons (Desolation)
  Aizul (Snake:2)
  A balrug (Hell)
  2 curse skulls
  3 draconian stormcallers
  4 ghouls
  8 reapers
  A juggernaut zombie (Hell)
  5 draconian shifters
  3 deep elf elementalists (Elf:3)
  7 war gargoyles
  4 spriggan defenders
  30 very ugly things
  13 stone giants
  16 ironbound preservers
  8 caustic shrike skeletons
  5 draconian annihilators
  A juggernaut skeleton (Crypt:3)
  6 deep elf demonologists
  8 ironbound thunderhulks
  Nessos (D:12)
  12 black draconians
  An eleionoma (Swamp:4)
  A lorocyproca (Depths:3)
  Azrael (D:14)
  2 bunyips
  17 white draconians
  A spark wasp (Depths:1)
  12 deep elf annihilators
  18 green draconians
  5 red draconians
  A halazid warlock (Desolation)
  2 dire elephants (Vaults:3)
  4 eidola (Crypt:3)
  10 purple draconians
  13 yellow draconians
  4 crystal guardians
  Snorg (Orc:2)
  15 ettins
  6 jiangshi
  A blizzard demon (Hell)
  An entropy weaver (shapeshifter) (D:14)
  2 entropy weavers
  14 deep elf death magi
  6 ragged hierophants (Desolation)
  12 fire dragons
  A shambling mangrove (Swamp:2)
  The ghost of Luagal the Fighter, a journeyman DrDe of Sif Muna (Lair:3)
  4 great orbs of eyes
  15 yaktaur captains
  6 deep elf high priests
  10 ice dragons
  5 spriggan zombies
  7 servants of whispers (Desolation)
  5 hydras
  43 vault guards
  10 peacekeepers
  6 spriggan air magi
  An ogre mage (D:15)
  3 rakshasas
  A salamander tyrant (Snake:4)
  9 anacondas
  3 death knights
  A hell beast (Depths:2)
  A ghost crab (Swamp:4)
  A quicksilver dragon skeleton (Depths:2)
  18 ironbound frosthearts
  5 centaur warriors
  30 dancing weapons
  3 fenstrider witch skeletons
  6 two-headed ogres
  2 titan zombies
  15 naga warriors
  5 spriggan skeletons
  6 alligators
  9 deep troll earth magi
  6 tengu warriors
  5 deep troll shamans
  8 vampire magi
  A hell knight (Depths:1)
  7 spriggan berserkers
  3 shock serpents
  3 hell hogs (Hell)
  18 naga sharpshooters
  8 soul eaters
  An emperor scorpion zombie (Crypt:3)
  25 deep elf knights
  3 salamander mystics
  3 death drakes (Depths:4)
  A shadow wraith (Crypt:3)
  12 spriggans
  30 skeletal warriors
  3 sun demons
  2 titan skeletons (Crypt:3)
  4 skysharks
  A bunyip zombie (Crypt:1)
  Lodul (D:14)
  A spark wasp zombie (Hell)
  4 goliath frogs
  A golden dragon zombie (Hell)
  6 flayed ghosts
  11 iron trolls
  A storm dragon skeleton (Depths:2)
  3 spriggan druids
  4 large abominations (Depths:3)
  3 swamp dragons
  20 deep elf archers
  47 deep trolls
  6 naga ritualists
  8 bog bodies
  A shadow demon (Depths:1)
  An anaconda skeleton (Crypt:3)
  25 deep elf pyromancers
  An orange crystal statue (IceCv)
  A spectral hydra (Swamp:4)
  28 deep elf zephyrmancers
  A tengu zombie (Hell)
  6 necromancers
  26 ironbound convokers
  An obsidian statue (D:9)
  A shadow dragon zombie (Vaults:4)
  7 wizards
  3 harpies
  16 lindwurms
  An oklob plant (Orc:2)
  11 phantasmal warriors
  7 orc knights
  4 stone giant zombies
  4 frost giant zombies (Hell)
  A wolf spider (D:10)
  2 sphinx zombies
  A goliath frog skeleton (Crypt:2)
  2 manticores
  A faun (shapeshifter) (Depths:2)
  7 elephants
  6 mana vipers
  4 will-o-the-wisps
  3 tengu skeletons (Depths:2)
  8 cyclopes
  An orc sorcerer (Vaults:5)
  26 salamanders
  A sphinx skeleton (Depths:2)
  53 ugly things
  A human skeleton (Vaults:4)
  A fire giant zombie (Vaults:4)
  2 iron dragon skeletons
  An ice statue (Snake:1)
  7 rust devils
  An orange demon (Depths:1)
  16 naga magi
  20 vault sentinels
  28 black mambas
  A demonic crawler (Hell)
  6 moths of wrath
  6 molten gargoyles
  8 guardian serpents
  5 smoke demons
  2 stone giant skeletons (Crypt:3)
  An orc skeleton (Crypt:1)
  2 human zombies
  A gargoyle (D:11)
  6 komodo dragons
  9 rime drakes
  11 cane toads
  4 unseen horrors
  A dire elephant skeleton (Crypt:3)
  A redback zombie (Crypt:1)
  A swamp worm zombie (Swamp:4)
  3 ice devils (Hell)
  3 kobold demonologists
  5 freezing wraiths
  2 tengu conjurers
  30 yaktaurs
  5 guardian mummies (Crypt:3)
  2 hydra zombies (Swamp:4)
  2 red devils
  2 spectral nagas (Snake:4)
  9 polar bears
  A troll (shapeshifter) (Depths:1)
  5 hornets
  A meliai (shapeshifter) (Elf:2)
  7 trolls
  7 tyrant leeches
  Prince Ribbit (D:7)
  A hellwing (Depths:2)
  9 slime creatures
  8 blink frogs
  46 saltlings
  A boulder beetle zombie (Crypt:3)
  2 spectral swamp dragons (Swamp:4)
  2 ettin zombies
  6 dream sheep (Lair:3)
  An ice dragon skeleton (Crypt:1)
  2 jumping spiders
  10 flying skulls
  A fire dragon zombie (Crypt:1)
  5 air elementals
  3 ettin skeletons
  2 water elementals
  3 alligator zombies (Swamp:4)
  3 shadows (D:10)
  A jumping spider (shapeshifter) (Elf:1)
  2 vampires
  Sigmund (D:4)
  2 wyverns
  10 wraiths
  A wind drake zombie (Crypt:2)
  31 yaks
  9 fire elementals
  A hog (Snake:3)
  A yak (shapeshifter) (D:15)
  A chaos spawn (Depths:3)
  3 basilisks
  A neqoxec (Depths:1)
  12 redbacks
  Edmund (D:4)
  A steam dragon (D:9)
  19 vampire mosquitoes
  A glowing shapeshifter zombie (Hell)
  A harpy simulacrum (Crypt:1)
  3 wargs
  44 nagas
  7 acid dragons
  10 swamp worms
  2 naga skeletons
  16 water moccasins
  A fire bat skeleton (Crypt:3)
  2 hell hounds (D:14)
  4 swamp drakes
  2 sky beasts (D:6)
  A hornet zombie (Crypt:1)
  37 orc warriors
  8 black bears
  8 small abominations (Depths:3)
  18 ogres
  4 boggarts (Vaults:1)
  A manticore zombie (Crypt:2)
  A swamp dragon zombie (Swamp:4)
  14 wolves
  15 centaurs
  2 phantoms
  A fire crab zombie (Crypt:2)
  2 earth elementals
  14 bullfrogs
  2 gnoll sergeants (D:10)
  A deep troll simulacrum (Crypt:1)
  An elf skeleton (Crypt:1)
  2 scorpions
  25 wights
  A water moccasin skeleton (Crypt:1)
  2 killer bees (D:7)
  A yak skeleton (Crypt:2)
  A howler monkey (D:8)
  3 electric eels
  A salamander simulacrum (Snake:4)
  A wolf skeleton (Crypt:3)
  2 hounds
  A gnoll bouda (D:9)
  17 orc priests
  A jelly (D:5)
  Jessica (D:2)
  A sleepcap (D:5)
  2 spectral swamp drakes (Swamp:4)
  11 orc wizards
  4 hell rats (Hell)
  A naga simulacrum (Snake:4)
  A deep dwarf zombie (Crypt:2)
  6 mummies (Crypt:3)
  11 gnolls
  3 adders
  3 ufetubi
  A jelly zombie (Crypt:1)
  2 worms
  6 dart slugs
  56 orcs
  3 ball pythons
  2 bats
  5 endoplasms
  2 giant cockroaches
  9 hobgoblins
  7 jackals
  7 kobolds
  8 quokkas
  5 frilled lizards
  A giant cockroach zombie (Crypt:3)
  9 goblins
  A jackal skeleton (Crypt:3)
  A quokka skeleton (Crypt:3)
  3 rats (D:1)
  A rat skeleton (Crypt:3)
2136 creatures vanquished.

Vanquished Creatures (collateral kills)
  2 sphinxes (Vaults:4)
  A nagaraja (Snake:4)
  An imperial myrmidon (Desolation)
  A frost giant (IceCv)
  4 vault wardens
  4 ironbound preservers
  8 very ugly things
  2 war gargoyles
  A vampire knight (Depths:1)
  A stone giant (Vaults:4)
  A halazid warlock (Desolation)
  A dire elephant (Vaults:3)
  A spark wasp (Depths:1)
  2 ettins
  A crystal guardian (Vaults:2)
  An eidolon (Vaults:2)
  2 yaktaur captains
  2 great orbs of eyes (Vaults:4)
  3 vault guards
  2 ragged hierophants (Desolation)
  Harold (Lair:2)
  4 servants of whispers (Desolation)
  2 peacekeepers (Desolation)
  2 hydras
  2 salamander tyrants
  An ice dragon (D:15)
  An ogre mage (D:10)
  A ghost crab (Swamp:4)
  An anaconda (Snake:1)
  A two-headed ogre (D:15)
  A spriggan air mage (Depths:1)
  Erica (Orc:1)
  2 boulder beetles
  A centaur warrior (Vaults:3)
  6 ironbound frosthearts
  3 alligators (Swamp:3)
  4 naga warriors
  A deep troll shaman (Depths:1)
  2 shock serpents
  A spriggan berserker (Depths:1)
  A spriggan (Swamp:2)
  5 naga sharpshooters
  3 skeletal warriors
  A goliath frog (Swamp:2)
  A spriggan druid (Swamp:1)
  3 salamander mystics
  2 naga ritualists
  4 deep trolls
  2 phantasmal warriors
  A deep elf pyromancer (D:15)
  3 ironbound convokers
  2 wizards
  A glowing orange brain (Vaults:3)
  2 orc knights
  2 lindwurms
  A harpy (Vaults:3)
  3 mana vipers
  8 ugly things
  3 salamanders
  Maurice (D:8)
  A human skeleton (Vaults:2)
  5 black mambas
  2 elephants
  A guardian serpent (shapeshifter) (Depths:1)
  4 guardian serpents
  5 vault sentinels
  An ice statue (Snake:1)
  7 naga magi
  A torpor snail (Lair:1)
  A molten gargoyle (Desolation)
  A freezing wraith (D:15)
  5 cane toads
  An unseen horror (D:10)
  A komodo dragon (Lair:2)
  5 rime drakes (IceCv)
  An efreet (D:9)
  A swamp worm zombie (Swamp:4)
  2 hydra zombies (Swamp:4)
  A troll (D:12)
  7 yaktaurs
  A tyrant leech (Swamp:4)
  17 saltlings (Desolation)
  2 polar bears (IceCv)
  2 hornets
  4 blink frogs
  A spectral swamp dragon (Swamp:4)
  2 alligator zombies (Swamp:4)
  A slime creature (Vaults:3)
  A spectral black mamba (Snake:4)
  A shadow (D:10)
  12 yaks
  A wyvern (Lair:3)
  A basilisk (Lair:3)
  2 steam dragons
  2 wraiths
  A mana viper simulacrum (Snake:4)
  A redback (Vaults:4)
  4 vampire mosquitoes
  2 swamp worms (Swamp:1)
  14 nagas
  A warg (Orc:1)
  An acid dragon (D:10)
  4 water moccasins
  5 orc warriors
  A guardian serpent simulacrum (Snake:4)
  A swamp drake (Swamp:1)
  3 black bears
  2 swamp dragon zombies (Swamp:4)
  A boggart (Vaults:1)
  5 ogres
  3 wolves
  3 centaurs
  5 phantoms
  A kobold brigand (D:7)
  4 bullfrogs
  A scorpion (D:5)
  3 wights (D:8)
  2 killer bees (D:7)
  4 electric eels
  A hound (D:5)
  2 naga simulacra (Snake:4)
  2 gnoll boudas
  2 orc priests
  An iguana (D:4)
  3 orc wizards
  4 gnolls
  A swamp drake zombie (Swamp:4)
  3 adders
  A shadow imp (D:6)
  A white imp (D:6)
  19 orcs
  3 ball pythons
  A giant cockroach (D:2)
  2 hobgoblins
  A quokka (D:3)
  3 kobolds
  A rat (D:2)
354 creatures vanquished.

Vanquished Creatures (others)
  A dread lich (Depths:3)
  An azure jelly (Crypt:2)
  2 fire giants
  A vampire knight (Depths:2)
  A red draconian (Zot:3)
  A deep elf knight (Elf:3)
  A skyshark (shapeshifter) (Elf:1)
  A glowing orange brain (Depths:3)
  A deep elf pyromancer (Elf:2)
  3 deep elf zephyrmancers
  An orc sorcerer (Orc:2)
  A stone giant skeleton (Crypt:3)
  A polar bear (IceCv)
  5 bloated husks
  A tarantella (shapeshifter) (Vaults:5)
  A spectral swamp dragon (Swamp:4)
  A culicivora (shapeshifter) (Vaults:5)
  A wraith (Crypt:3)
  6 humans (Snake:3)
  A redback (shapeshifter) (Depths:3)
  A redback (Vaults:5)
  A water moccasin (shapeshifter) (Vaults:5)
  A phantom (Swamp:4)
  A wight (Crypt:3)
  266 jellies
  36 battlemagi
  A hound skeleton (Crypt:1)
  A mummy (Crypt:3)
  2 orcs
  A goblin skeleton (Crypt:1)
  18 foxfires
361 creatures vanquished.

Grand Total: 2851 creatures vanquished

Notes
Turn   | Place    | Note
-------+----------+-------------------------------------------
     0 | D:1      | hilljack the Minotaur Gladiator began the quest for the
                  | Orb.
     0 | D:1      | Reached XP level 1. HP: 18/18 MP: 0/0
    20 | D:1      | Identified 3 scrolls of acquirement
    20 | D:1      | Acquired a +4 demon blade of venom
    21 | D:1      | Acquired an amulet of guardian spirit
    22 | D:1      | Acquired the ring of Cheibriados, Nurturing {rPois Dex+3
                  | SInv}
   140 | D:1      | Reached XP level 2. HP: 25/25 MP: 1/1
   418 | D:1      | Found a faded altar of an unknown god.
   461 | D:1      | Prayed at the altar of an unknown god.
   461 | D:1      | Became a worshipper of Hepliaklqana the Forgotten
   461 | D:1      | Reached * piety under Hepliaklqana
   546 | D:1      | Reached XP level 3. HP: 25/27 MP: 2/2
   932 | D:2      | Noticed Jessica
   942 | D:2      | Killed Jessica
   943 | D:2      | Reached XP level 4. HP: 33/33 MP: 1/3
   946 | D:2      | Reached skill level 5 in Long Blades
  1216 | D:2      | Reached ** piety under Hepliaklqana
  1217 | D:2      | Remembered your ancestor Kaya as a battlemage
  1682 | D:3      | Noticed a scorpion
  1686 | D:3      | Killed a scorpion
  1687 | D:3      | Reached skill level 5 in Dodging
  1687 | D:3      | Reached XP level 5. HP: 37/37 MP: 4/4
  2495 | D:4      | Noticed a phantom
  2499 | D:4      | Noticed a phantom
  2502 | D:4      | Killed a phantom
  2503 | D:4      | Reached XP level 6. HP: 45/45 MP: 2/5
  2522 | D:4      | Noticed Sigmund
  2527 | D:4      | Killed Sigmund
  2528 | D:4      | Reached XP level 7. HP: 50/50 MP: 4/6
  2591 | D:4      | Found a basalt altar of Yredelemnul.
  2609 | D:4      | Noticed Edmund
  2617 | D:4      | Killed Edmund
  2677 | D:4      | Found a staircase to the Ecumenical Temple.
  2819 | D:4      | Found Uchuubb's Specific Store.
  2821 | D:4      | Found Qiarphac's General Store.
  2824 | D:4      | Bought a scroll of vulnerability for 40 gold pieces
  2824 | D:4      | Bought a potion of brilliance for 40 gold pieces
  2937 | D:4      | Reached *** piety under Hepliaklqana
  3067 | D:5      | Entered Level 5 of the Dungeon
  3663 | D:5      | Found Nakuh's Weapon Emporium.
  3775 | D:6      | Found a hide-covered altar of Uskayaw.
  3825 | D:6      | Reached XP level 8. HP: 55/55 MP: 7/7
  3877 | D:6      | Found a sparkling altar of Nemelex Xobeh.
  4123 | D:6      | Reached skill level 10 in Long Blades
  4222 | D:6      | Acquired the +1 pair of gloves of Lugonu's Benevolence {rN+
                  | MP+9 Stlth-}
  4232 | D:6      | Acquired a manual of Long Blades
  4576 | D:7      | Noticed Prince Ribbit
  4585 | D:7      | Killed Prince Ribbit
  4586 | D:7      | Reached XP level 9. HP: 61/61 MP: 8/8
  4695 | D:7      | Reached skill level 10 in Dodging
  5289 | D:8      | Reached **** piety under Hepliaklqana
  5382 | D:8      | Noticed Maurice
  5468 | D:8      | Killed Maurice
  5543 | D:8      | Reached XP level 10. HP: 46/65 MP: 9/9
  5948 | D:9      | Reached skill level 15 in Long Blades
  6101 | D:9      | HP: 3/66 [efreet/bolt of fire (20)]
  6607 | D:9      | Found Qosaem's Antique Armour Boutique.
  6610 | D:9      | Noticed an obsidian statue
  7116 | D:10     | Entered Level 10 of the Dungeon
  7164 | D:10     | Noticed a centaur warrior
  7174 | D:10     | Noticed a cyclops
  7181 | D:10     | Killed a cyclops
  7285 | D:10     | Identified the +9 ring mail "Teich" {rCorr Dex+2}
  7301 | D:10     | Killed a centaur warrior
  7396 | D:10     | Identified the +0 ring mail "Licaeseops" {+Inv rC+}
  7397 | D:10     | Identified the +8 whip of Vanity {chaos, Fly rPois Int+3}
  7471 | D:10     | Reached XP level 11. HP: 57/72 MP: 10/10
  7520 | D:10     | Found a staircase to the Lair.
  7705 | D:10     | Noticed a two-headed ogre
  7713 | D:10     | Killed a two-headed ogre
  7774 | D:10     | Noticed a two-headed ogre
  7777 | D:10     | Killed a two-headed ogre
  7863 | D:10     | Noticed a wolf spider
  7866 | D:10     | Noticed a two-headed ogre
  7870 | D:10     | Killed a wolf spider
  7875 | D:10     | Killed a two-headed ogre
  7877 | D:10     | Noticed a brown ugly thing
  7893 | D:10     | Killed a brown ugly thing
  7894 | D:10     | Reached skill level 15 in Dodging
  7897 | D:10     | Noticed a two-headed ogre
  7905 | D:10     | Killed a two-headed ogre
  8052 | D:10     | Noticed an ogre mage
  8062 | D:10     | Killed an ogre mage
  8063 | D:10     | Reached XP level 12. HP: 64/79 MP: 11/11
  8278 | D:10     | Identified the ring "Yplodd" {+Blink Fly Str+2 Dex-4}
  8299 | D:10     | Reached skill level 1 in Armour
  8787 | Lair:1   | Entered Level 1 of the Lair of Beasts
  8828 | Lair:1   | Reached skill level 5 in Fighting
  8980 | Lair:1   | Reached skill level 5 in Armour
  9941 | Lair:2   | Found a bloodstained altar of Trog.
 10054 | Lair:2   | Reached ***** piety under Hepliaklqana
 10159 | Lair:2   | Noticed Harold
 10170 | Lair:2   | Killed Harold
 10358 | Lair:2   | You fall into a shaft and drop 2 floors!
 10448 | Lair:4   | Noticed a five-headed hydra
 10454 | Lair:4   | Killed a two-headed hydra
 10455 | Lair:4   | Reached XP level 13. HP: 98/99 MP: 12/12
 10576 | Lair:4   | Got the Collected Works on Company and Shapes
 10654 | Lair:4   | Found a staircase to the Slime Pits.
 10656 | Lair:4   | Found a viscous altar of Jiyva.
 10983 | Lair:3   | Found a large runed translucent door.
 10983 | Lair:3   | Found a large runed translucent door.
 11209 | Lair:3   | Reached skill level 10 in Fighting
 11324 | Lair:4   | Reached skill level 10 in Armour
 11373 | Lair:3   | Found a staircase to the Swamp.
 11944 | Lair:3   | Found a staircase to the Snake Pit.
 12015 | Lair:3   | Noticed Luagal's ghost (journeyman DrDe)
 12038 | Lair:3   | Killed Luagal's ghost
 12045 | Lair:3   | Got Cucsah Ifyix's Catalogue of Ceraunoscopy
 12771 | Lair:5   | Entered Level 5 of the Lair of Beasts
 13235 | Lair:4   | Reached XP level 14. HP: 104/119 MP: 13/13
 13309 | Lair:5   | Reached skill level 15 in Fighting
 14647 | D:11     | Reached ****** piety under Hepliaklqana
 14758 | D:11     | Found a staircase to the Orcish Mines.
 15137 | D:11     | You fall into a shaft and drop 1 floor!
 15507 | D:12     | Found Zin's Purification Station.
 15508 | D:12     | Found a glowing silver altar of Zin.
 15515 | D:12     | Bought a potion of curing for 90 gold pieces
 15566 | D:12     | Noticed Nessos
 15573 | D:12     | Killed Nessos
 15875 | D:12     | HP: 1/126 [skeletal warrior/+0 war axe (12)]
 16365 | D:11     | Identified the +6 glaive "Miotig" {freeze, rElec rC+ Dex-2
                  | SInv}
 16536 | Orc:1    | Entered Level 1 of the Orcish Mines
 16690 | Orc:2    | Entered Level 2 of the Orcish Mines
 16690 | Orc:2    | Noticed Snorg
 16690 | Orc:2    | Found a staircase to the Elven Halls.
 16697 | Orc:2    | Killed Snorg
 16711 | Orc:2    | Noticed Donald
 16727 | Orc:1    | Killed Donald
 17499 | Orc:1    | Found Hyhyew's Assorted Antiques.
 17512 | Orc:1    | Noticed Erica
 17750 | Orc:1    | Killed Erica
 17842 | Orc:1    | Found a bloodstained altar of Trog.
 17895 | Orc:1    | Bought a scroll labelled CAUPRU LIEWN for 25 gold pieces
 18469 | Orc:2    | Found Uhuqedi's Magic Scroll Shoppe.
 18469 | Orc:2    | Found Ytabru Juliwn's Magic Scroll Boutique.
 18471 | Orc:2    | Found Heshris's Book Shop.
 18476 | Orc:2    | Found Acaedur's Magic Scroll Emporium.
 18510 | Orc:2    | Bought a manual of Fighting for 1040 gold pieces
 18531 | Orc:2    | Bought a scroll of enchant weapon for 120 gold pieces
 18531 | Orc:2    | Bought a scroll of fear for 64 gold pieces
 18534 | Orc:2    | Bought a scroll of magic mapping for 112 gold pieces
 18536 | Orc:2    | Bought a scroll of fog for 60 gold pieces
 18536 | Orc:2    | Bought a scroll of fog for 60 gold pieces
 18536 | Orc:2    | Bought a scroll of identify for 30 gold pieces
 18536 | Orc:2    | Bought a scroll of fog for 60 gold pieces
 18536 | Orc:2    | Bought a scroll of identify for 30 gold pieces
 18760 | D:13     | Identified the +0 chain mail of the Dropbear {Contam rElec
                  | Int+2 Dex+3}
 18827 | D:13     | Reached skill level 1 in Shields
 18848 | D:13     | Reached XP level 15. HP: 130/135 MP: 14/14
 19137 | D:13     | Found a gate to the Vaults.
 19773 | D:14     | Noticed Jorgrun
 19803 | D:14     | Killed Jorgrun
 20062 | D:14     | Noticed Azrael
 20071 | D:14     | Killed Azrael
 20078 | D:14     | Reached skill level 5 in Shields
 20594 | D:14     | Noticed Lodul
 20600 | D:14     | Killed Lodul
 21037 | D:15     | Entered Level 15 of the Dungeon
 21150 | D:15     | Found a staircase to the Depths.
 21398 | D:15     | Found Zeaxko Zahe's Weapon Emporium.
 21531 | D:15     | Found Nizuoroo's Jewellery Emporium.
 22713 | Swamp:1  | Entered Level 1 of the Swamp
 23161 | Swamp:1  | Acquired the +3 Mad Mage's Maulers {Infuse+∞ VampMP -Cast}
 23161 | Swamp:1  | Found the +3 Mad Mage's Maulers {Infuse+∞ VampMP -Cast}
 23445 | Swamp:1  | Noticed Mlioglotl
 23453 | Swamp:1  | Killed Mlioglotl
 24322 | Swamp:2  | Reached XP level 16. HP: 145/145 MP: 2/15
 24766 | Swamp:2  | You are sucked into a shaft and drop 1 floor!
 24810 | Swamp:3  | Reached skill level 15 in Armour
 24814 | Swamp:3  | Reached skill level 10 in Shields
 26373 | Swamp:2  | Noticed a thorn hunter
 26384 | Swamp:2  | Killed a thorn hunter
 26598 | Swamp:4  | Entered Level 4 of the Swamp
 27005 | Swamp:4  | Noticed a thorn hunter
 27016 | Swamp:4  | Killed a thorn hunter
 27102 | Swamp:4  | Identified the +5 plate armour of the Gastropod {rElec
                  | Slay+2 Stlth+}
 28109 | Swamp:4  | Acquired the +2 kite shield of Nueva Huu {rN+}
 28753 | Swamp:4  | Noticed a bone dragon
 28990 | Swamp:4  | Killed a bone dragon
 29656 | Swamp:4  | Got a decaying rune of Zot
 29862 | Snake:1  | Entered Level 1 of the Snake Pit
 29996 | Snake:1  | Found a frozen archway.
 30021 | IceCv    | Entered an ice cave
 30919 | IceCv    | Reached XP level 17. HP: 153/153 MP: 15/18
 31410 | IceCv    | Reached XP level 18. HP: 133/160 MP: 4/19
 32028 | IceCv    | Found the +2 hood of the Assassin {Detect Stab+ Stlth++}
 34028 | Snake:1  | Reached skill level 15 in Shields
 36035 | Snake:2  | You are sucked into a shaft and drop 1 floor!
 36161 | Snake:3  | Noticed Kirke
 36173 | Snake:3  | Killed Kirke
 36649 | Snake:2  | Noticed Aizul
 36668 | Snake:2  | Killed Aizul
 38083 | Snake:3  | Found Apuar's Jewellery Boutique.
 38084 | Snake:3  | Found Haprohua's Book Shoppe.
 38086 | Snake:3  | Found Vojokhum's Jewellery Boutique.
 38736 | Snake:4  | Entered Level 4 of the Snake Pit
 39686 | Snake:4  | Reached XP level 19. HP: 166/166 MP: 1/20
 40900 | Snake:4  | Found Vojokhum's Assorted Antiques.
 40908 | Snake:4  | Bought a scroll of teleportation for 81 gold pieces
 40908 | Snake:4  | Bought a scroll of fog for 108 gold pieces
 40908 | Snake:4  | Bought a scroll of fear for 108 gold pieces
 40908 | Snake:4  | Bought a scroll of teleportation for 81 gold pieces
 41087 | Snake:4  | Identified the amulet of Jikkiaqi {Faith Dex+3}
 41193 | Snake:4  | Noticed Vashnia
 41247 | Snake:4  | Killed Vashnia
 41639 | Snake:4  | Acquired a manual of Dodging
 41873 | Snake:4  | Identified the +0 morningstar "Neiwi" {heavy, rC++ rCorr
                  | Int+2 Dex-5}
 42312 | Snake:4  | Found a runed translucent gate.
 42312 | Snake:4  | Found a runed translucent gate.
 42312 | Snake:4  | Found a runed translucent gate.
 42313 | Snake:4  | Noticed suzumiya's ghost (adept MiGl)
 42407 | Snake:4  | Got a serpentine rune of Zot
 42681 | Snake:4  | Killed suzumiya's ghost
 42793 | Snake:4  | Identified the amulet "Hiskah" {rC+ Will+ Regen+ Str+3}
 43126 | Vaults:1 | Entered Level 1 of the Vaults
 43234 | Vaults:1 | Identified the +0 pair of gloves of Xatzeriz {Fly Regen+
                  | Str+3}
 43234 | Vaults:1 | Noticed Nikola
 43250 | Vaults:1 | Killed Nikola
 43251 | Vaults:1 | Reached skill level 1 in Stealth
 44684 | Vaults:1 | Found a large runed translucent door.
 44684 | Vaults:1 | Found a large runed translucent door.
 44685 | Vaults:1 | Found a large runed translucent door.
 44685 | Vaults:1 | Found a large runed translucent door.
 44685 | Vaults:1 | Found a large runed translucent door.
 44685 | Vaults:1 | Found a large runed translucent door.
 44685 | Vaults:1 | Found a large runed translucent door.
 44685 | Vaults:1 | Found a large runed translucent door.
 44685 | Vaults:1 | Noticed Babbit's ghost (adept MiFi)
 44759 | Vaults:1 | Reached skill level 5 in Stealth
 45887 | Vaults:2 | Reached XP level 20. HP: 168/173 MP: 3/21
 46577 | Vaults:1 | Killed Babbit's ghost
 46578 | Vaults:1 | Identified the +0 helmet of Woodocea {Will- Str+4}
 48251 | Vaults:2 | Found a staircase to the Crypt.
 48669 | Vaults:3 | Found Daixuiw's Antique Weapon Emporium.
 48919 | Vaults:3 | Reached skill level 10 in Stealth
 49624 | Vaults:3 | You are sucked into a shaft and drop 1 floor!
 50001 | Vaults:4 | Found a crumbling gateway.
 50049 | Desolati | Entered the Desolation of Salt
 50295 | Desolati | Reached XP level 21. HP: 180/180 MP: 5/22
 50902 | Desolati | Identified the ring "Qyaxiun" {Wiz rF+ Int+2}
 50910 | Desolati | Identified the ring "Aghes" {Wiz Fly rF+}
 50912 | Desolati | Identified the ring of the Yeti {rElec Will+ Dex-3 Stlth+}
 50995 | Desolati | Identified the staff of poison "Dopn" {rPois rN+ rCorr}
 51750 | Desolati | Got the Monograph on the Fair Folk
 51943 | Desolati | Identified the +10 quarterstaff of the Iron City of Dis
                  | {flame, rElec}
 51947 | Desolati | Got the Grimoire of the Shore
 52546 | Vaults:4 | Found a gateway to a bazaar.
 52681 | Bazaar   | Entered a bazaar
 52690 | Bazaar   | Found Xyotsa's Antique Weapon Emporium.
 52703 | Bazaar   | Found Riuhepiq's Antique Weapon Shoppe.
 52720 | Bazaar   | Found Zaakyu's Antique Armour Shoppe.
 52731 | Bazaar   | Found Itack's Antique Armour Emporium.
 56152 | Vaults:3 | Reached skill level 15 in Stealth
 56455 | Vaults:3 | Reached XP level 22. HP: 128/189 MP: 3/23
 56639 | Vaults:3 | Noticed Xtahua
 56658 | Vaults:3 | Killed Xtahua
 57547 | Depths:1 | Entered Level 1 of the Depths
 57936 | Depths:1 | Found a one-way gateway to a ziggurat.
 58239 | Lair:4   | Fell from the grace of Hepliaklqana
 58239 | Lair:4   | Became a worshipper of Jiyva Javveacs the Shapeless
 58353 | Elf:1    | Entered Level 1 of the Elven Halls
 58884 | Elf:1    | Identified the +4 falchion "Zonkuf" {venom, +Blink rF-
                  | Will+ Str+6}
 59723 | Elf:1    | Reached * piety under Jiyva
 59954 | Elf:1    | Got the Elucidation of Percussion
 60690 | Elf:2    | Noticed Zenata
 60701 | Elf:2    | Killed Zenata
 61193 | Elf:2    | Got the Anthology of the Enthralling Nimbus
 61584 | Elf:2    | Reached ** piety under Jiyva
 61584 | Elf:2    | Found a runed translucent gate.
 61734 | Elf:2    | Found a runed translucent gate.
 61738 | Elf:2    | Found a runed translucent gate.
 62226 | Elf:3    | Entered Level 3 of the Elven Halls
 62250 | Elf:3    | Found a flickering gateway to a bazaar.
 62258 | Bazaar   | Entered a bazaar
 62258 | Bazaar   | Found Boofu's Weapon Shoppe.
 62258 | Bazaar   | Found Viel's Antique Weapon Emporium.
 62260 | Bazaar   | Found Bawees Gacs's Assorted Antiques.
 62270 | Bazaar   | Bought a potion of invisibility for 104 gold pieces
 62270 | Bazaar   | Bought 2 potions of resistance for 260 gold pieces
 62270 | Bazaar   | Bought a wand of digging (6) for 327 gold pieces
 62276 | Bazaar   | Found Nagov's Antique Weapon Emporium.
 62284 | Bazaar   | Bought an ichor-stained scimitar for 216 gold pieces
 62284 | Bazaar   | Identified the +2 scimitar of Regicide {elec, rElec rPois
                  | Int-5} (You bought it in a shop in a bazaar)
 62371 | Elf:3    | Reached *** piety under Jiyva
 62373 | Elf:3    | Gained mutation: You possess an exceptional clarity of
                  | mind. [Jiyva's grace]
 62373 | Elf:3    | Gained mutation: You have sharp fingernails. [Jiyva's
                  | grace]
 62373 | Elf:3    | Gained mutation: You have very sharp fingernails. [Jiyva's
                  | grace]
 62373 | Elf:3    | Gained mutation: You have claws for hands. [Jiyva's grace]
 62881 | Elf:3    | Identified the +4 ring mail of Sosu {Str+4 Int+3 SInv}
 63087 | Elf:3    | Identified the +7 great mace of Debt {freeze, Int+2}
 63090 | Elf:3    | Identified the +4 halberd "Nagau" {heavy, Fragile +Blink
                  | Dex+4}
 63317 | Elf:3    | Identified the staff of death "Rohuef" {Drain rPois rN+
                  | Str-4 Int+4}
 63322 | Elf:3    | Identified the +1 robe of the Saviour {rC+}
 63328 | Elf:3    | Identified the +1 pair of gloves of the Goldsmith {rF-
                  | Will- Str+2 Dex+8}
 63983 | Depths:1 | Found a gateway to Hell.
 64062 | Depths:1 | Reached **** piety under Jiyva
 64307 | Depths:1 | Noticed the Enchantress
 64366 | Depths:1 | Killed the Enchantress
 64745 | Depths:1 | Gained mutation: You are dopey. (Int -2) [a neqoxec]
 64776 | Depths:1 | Found a one-way gate leading to the halls of Pandemonium.
 64835 | Depths:2 | Noticed Bai Suzhen
 64854 | Depths:2 | Killed Bai Suzhen
 64975 | Depths:2 | Found Eroneffi's Distillery.
 65006 | Depths:2 | Bought a potion of heal wounds for 65 gold pieces
 65006 | Depths:2 | Bought a potion of heal wounds for 65 gold pieces
 65006 | Depths:2 | Bought a potion of cancellation for 104 gold pieces
 65006 | Depths:2 | Bought a potion of curing for 39 gold pieces
 65007 | Depths:2 | Found Hotah's Jewellery Boutique.
 65081 | Depths:2 | Found Upuuwn's Assorted Antiques.
 65086 | Depths:2 | Bought a scroll of teleportation for 72 gold pieces
 65086 | Depths:2 | Bought a potion of curing for 72 gold pieces
 65086 | Depths:2 | Bought a potion of resistance for 240 gold pieces
 65086 | Depths:2 | Bought a scroll of teleportation for 72 gold pieces
 65123 | Depths:2 | Noticed Asterion
 65183 | Depths:2 | HP: 9/191 [balrug/+1 demon whip of electrocution[Asterion]
                  | (19)]
 65184 | Depths:2 | HP: 3/191 [balrug/divine providence[Asterion] (9)]
 65388 | Depths:2 | Gained mutation: Your rubbery body absorbs attacks. (AC +1,
                  | EV +1) [Jiyva's grace]
 65388 | Depths:2 | Gained mutation: Your pliable body absorbs attacks. (AC +2,
                  | EV +2) [Jiyva's grace]
 65388 | Depths:2 | Gained mutation: Your gelatinous body deflects attacks. (AC
                  | +3, EV +3) [Jiyva's grace]
 65388 | Depths:2 | Gained mutation: You have a pair of large horns on your
                  | head. [Jiyva's grace]
 65851 | Depths:2 | Killed Asterion
 66204 | Snake:3  | Bought a +4 ring of slaying for 1170 gold pieces
 67189 | Depths:3 | Noticed a golden dragon
 67209 | Depths:3 | Killed a golden dragon
 67220 | Depths:3 | HP: 8/191 [fire dragon/blast of flame (31)]
 67696 | Depths:3 | Noticed a caustic shrike
 67716 | Depths:3 | Killed a caustic shrike
 68082 | Depths:3 | Found a shimmering altar of Xom.
 68212 | Depths:3 | Found a one-way gate to the infinite horrors of the Abyss.
 68369 | Depths:2 | Noticed a dread lich
 68845 | Depths:3 | Killed a dread lich
 68997 | Depths:2 | Identified the +0 robe "Ydeurios" {+Inv rPois rF+ rCorr}
 69012 | Depths:2 | Identified the +4 ring mail of Indomitability {Harm Str-2
                  | Dex+4}
 69033 | Depths:2 | Identified the staff of cold "Oggox" {rElec rC+ rCorr
                  | Str+2}
 69124 | Depths:4 | Entered Level 4 of the Depths
 70701 | Depths:4 | Was forgiven by Hepliaklqana
 70914 | Depths:4 | Reached skill level 5 in Invocations
 71449 | Depths:4 | Lost mutation: You are dopey. (Int -2) [Jiyva's grace]
 71449 | Depths:4 | Lost mutation: Your gelatinous body deflects attacks. (AC
                  | +3, EV +3) [Jiyva's grace]
 71449 | Depths:4 | Gained mutation: You have a small jelly attached to you
                  | that senses nearby items. [Jiyva's grace]
 71449 | Depths:4 | Gained mutation: Your system is resistant to poisons.
                  | (rPois) [Jiyva's grace]
 71449 | Depths:4 | Gained mutation: You are covered in slimy tendrils that may
                  | disarm your opponents. [Jiyva's grace]
 71449 | Depths:4 | Gained mutation: You are partially covered in iridescent
                  | scales. (AC +2) [Jiyva's grace]
 71459 | Depths:4 | Found Ragye's Distillery.
 71467 | Depths:4 | Bought 2 potions of might for 136 gold pieces
 71467 | Depths:4 | Bought a potion of berserk rage for 85 gold pieces
 71467 | Depths:4 | Bought a potion of heal wounds for 85 gold pieces
 71467 | Depths:4 | Bought a potion of heal wounds for 85 gold pieces
 71467 | Depths:4 | Bought a potion of heal wounds for 85 gold pieces
 71467 | Depths:4 | Bought a potion of invisibility for 136 gold pieces
 71662 | Depths:4 | Noticed a golden dragon
 71668 | Depths:4 | Killed a golden dragon
 72099 | Depths:4 | Noticed a golden dragon
 72122 | Depths:4 | Killed a golden dragon
 72168 | Depths:4 | Found a gate to the Realm of Zot.
 72200 | Depths:4 | Noticed a golden dragon
 72203 | Depths:4 | Noticed a golden dragon
 72210 | Depths:4 | Killed a golden dragon
 72214 | Depths:4 | HP: 4/213 [yellow draconian annihilator/iron shot (43)]
 72334 | Depths:4 | Reached skill level 10 in Invocations
 72461 | Depths:4 | Killed a golden dragon
 72761 | Crypt:1  | Entered Level 1 of the Crypt
 73392 | Crypt:1  | Reached XP level 23. HP: 222/222 MP: 29/29
 74291 | Crypt:1  | Reached ***** piety under Jiyva
 74494 | Crypt:2  | Noticed Saint Roka
 74748 | Crypt:2  | Killed Saint Roka
 74749 | Crypt:2  | Reached skill level 5 in Evocations
 75225 | Crypt:3  | Entered Level 3 of the Crypt
 75380 | Crypt:3  | Lost mutation: You have claws for hands. [Jiyva's grace]
 75380 | Crypt:3  | Lost mutation: You possess an exceptional clarity of mind.
                  | [Jiyva's grace]
 75380 | Crypt:3  | Lost mutation: You have a small jelly attached to you that
                  | senses nearby items. [Jiyva's grace]
 75380 | Crypt:3  | Gained mutation: You expend magic power (3 MP) to
                  | strengthen your wands. [Jiyva's grace]
 75380 | Crypt:3  | Gained mutation: You have acidic saliva. [Jiyva's grace]
 75380 | Crypt:3  | Gained mutation: Your natural rate of healing is unusually
                  | fast. [Jiyva's grace]
 75380 | Crypt:3  | Gained mutation: You heal very quickly. [Jiyva's grace]
 77692 | Crypt:3  | Found the +7 great mace "Undeadhunter" {deathbane, rN+}
 77768 | Crypt:3  | Noticed Grunn
 77776 | Crypt:3  | Killed Grunn
 78156 | Crypt:3  | Identified the ring "Axzes" {rElec rC- rN+ Int+3 Slay+4}
 78156 | Crypt:3  | Identified the ring "Udaxzov" {rN+ MP+9}
 78156 | Crypt:3  | Identified the ring of the Lich-sworn {rPois rN+ rCorr MP-9
                  | SInv}
 78722 | Crypt:3  | Found a staircase to the Tomb.
 78886 | Crypt:3  | Noticed an ancient lich
 78887 | Crypt:3  | Killed an ancient lich
 78893 | Crypt:3  | Identified the staff of conjuration "Unnualil" {*Slow rF+
                  | rCorr}
 79316 | Hell     | Entered the Vestibule of Hell
 79321 | Hell     | Noticed Geryon
 79524 | Hell     | Killed Geryon
 79651 | Hell     | Found a gateway to the ashen valley of Gehenna.
 79881 | Hell     | Reached XP level 24. HP: 231/231 MP: 4/32
 80022 | Hell     | Reached skill level 10 in Evocations
 80231 | Hell     | Found a gateway to the freezing wastes of Cocytus.
 80635 | Hell     | Found a gateway to the Iron City of Dis.
 80682 | Hell     | Found a gateway to the decaying netherworld of Tartarus.
 81559 | Slime:1  | Entered Level 1 of the Pits of Slime
 81628 | Slime:5  | Entered Level 5 of the Pits of Slime
 81758 | Slime:5  | Noticed the Royal Jelly
 81818 | Slime:5  | Found a viscous altar of Jiyva.
 82163 | Vaults:5 | Entered Level 5 of the Vaults
 82222 | Vaults:4 | Reached skill level 15 in Invocations
 82447 | Vaults:5 | Noticed an ancient lich
 82475 | Vaults:4 | Killed an ancient lich
 82725 | Vaults:5 | Noticed a dread lich
 82787 | Vaults:4 | Killed a dread lich
 82927 | Vaults:5 | Identified the staff of fire "Fajo" {rPois rF+}
 82958 | Vaults:5 | Noticed an ancient lich
 82966 | Vaults:5 | Killed an ancient lich
 83055 | Vaults:5 | Identified the +7 dagger "Nodghipn" {heavy, rPois rN+}
 83069 | Vaults:5 | Identified the +0 chain mail "Haxa" {Int+3}
 83268 | Vaults:5 | Identified the ring of Syndicalism {rN+ AC+4 Int+3 Dex+4}
 83566 | Vaults:5 | Noticed a dread lich
 83580 | Vaults:5 | Killed a dread lich
 84117 | Vaults:5 | Identified the +9 flail of Gravity {holy, Str+5 Int+2}
 84119 | Vaults:5 | Lost mutation: You have very sharp fingernails. [Jiyva's
                  | grace]
 84119 | Vaults:5 | Gained mutation: Your muscles are strong. (Str +4, Int/Dex
                  | -1) [Jiyva's grace]
 84119 | Vaults:5 | Gained mutation: Your muscles are very strong. (Str +8,
                  | Int/Dex -2) [Jiyva's grace]
 84119 | Vaults:5 | Gained mutation: You regenerate. [Jiyva's grace]
 84119 | Vaults:5 | Gained mutation: You have large cloven feet. [Jiyva's
                  | grace]
 84127 | Vaults:5 | Reached skill level 15 in Evocations
 84261 | Vaults:5 | Noticed a dread lich
 84267 | Vaults:5 | Killed a dread lich
 84285 | Vaults:5 | Reached XP level 25. HP: 230/238 MP: 2/33
 84566 | Vaults:5 | Got a silver rune of Zot
 85279 | Vaults:5 | Identified the +3 quarterstaff of Ojooshroo {heavy, rF+
                  | Dex+2}
 85947 | Zot:1    | Entered Level 1 of the Realm of Zot
 86693 | Orc:2    | Bought a scroll of teleportation for 45 gold pieces
 86693 | Orc:2    | Bought a scroll of enchant armour for 112 gold pieces
 88573 | Zot:2    | Noticed Parghit
 88659 | Zot:2    | Killed Parghit
 88775 | Zot:2    | You fall into a shaft and drop 1 floor!
 88960 | Zot:3    | Lost mutation: You regenerate. [Jiyva's grace]
 88960 | Zot:3    | Lost mutation: Your muscles are very strong. (Str +8,
                  | Int/Dex -2) [Jiyva's grace]
 88960 | Zot:3    | Lost mutation: Your pliable body absorbs attacks. (AC +2,
                  | EV +2) [Jiyva's grace]
 88960 | Zot:3    | Lost mutation: You are covered in slimy tendrils that may
                  | disarm your opponents. [Jiyva's grace]
 88960 | Zot:3    | Gained mutation: You possess an exceptional clarity of
                  | mind. [Jiyva's grace]
 88960 | Zot:3    | Gained mutation: You have very sharp fingernails. [Jiyva's
                  | grace]
 88960 | Zot:3    | Gained mutation: You have claws for hands. [Jiyva's grace]
 88960 | Zot:3    | Gained mutation: You are covered in fur. (AC +1) [Jiyva's
                  | grace]
 89487 | Zot:3    | Got the Handbook of the Switch
 90416 | Zot:2    | Reached ****** piety under Jiyva
 90744 | Zot:4    | Reached XP level 26. HP: 233/248 MP: 33/33
 90774 | Zot:4    | Slain by a green draconian

Illustrated notes

Levels and vault maps discovered:
D:1:      minmay_arrival_solitary_statue, layout_loops_corners,
          basic_ecumenical_altar, ebering_dispersal_statue_hall
D:2:      layout_basic, hangedman_decor_slide_cut, minivault_4, uniq_jessica
D:3:      layout_basic
D:4:      layout_loops_cross, yredelemnul_altar_generic,
          minmay_temple_entry_tees, nicolae_specific_store, uniq_sigmund,
          uniq_edmund
D:5:      layout_loops_cross, nicolae_stop_n_shop_1
D:6:      layout_gridville, nemelex_dance_club_becter,
          overflow_temple_1_default, minmay_tree_intersection
D:7:      layout_loops_ring, minmay_misc_feat_cross, kennysheep_boxes,
          uniq_prince_ribbit1
D:8:      layout_cave_pools, uniq_maurice
D:9:      layout_cave_pods, serial_shops, nicolae_shop_window_shopping,
          minivault_16
D:10:     nzn_winding_woodlands_large [nzn_winding_woodlands_5x5_open_star,
          nzn_winding_woodlands_5x15_eye, nzn_winding_woodlands_5x5_cross,
          nzn_winding_woodlands_center_garden,
          nzn_winding_woodlands_15x15_eel_pit,
          nzn_winding_woodlands_center_pierced_h,
          nzn_winding_woodlands_hourglass, nzn_winding_woodlands_5x15_parted,
          nzn_winding_woodlands_5x5_three], layout_gridville,
          minmay_diamond_spiral
D:11:     layout_stronghold, erik_orc_3, minmay_lindwurm_lava
D:12:     layout_long_grid, zin_purify, uniq_nessos
D:13:     layout_basic, erik_vaults_2
D:14:     layout_loops_ring, chequers_serial_rivers_small_b, st_stairs_6,
          uniq_jorgrun, uniq_lodul, uniq_azrael
D:15:     grunt_enter_depths_hoard, layout_layer_cave, kennysheep_flooded_box,
          serial_shops, nicolae_shop_temple_entry_statues_fountains,
          shop_statue, chequers_serial_rivers_small_b
Lair:1:   layout_cave_pods
Lair:2:   layout_chaotic_city, basic_altar, serial_bayou_shore_a, uniq_harold
Lair:3:   beast_lair_carwin_large_4, layout_cave_shapes, swamp_mist_pool,
          minmay_snake_entry_guardpost_small, ebering_ghost_disaster_area
Lair:4:   layout_hall_layers, slime_entry_1, infiniplex_staircase_pool
Lair:5:   minmay_lair_end_frog_pond, layout_misc_corridors
Swamp:1:  layout_falls_marsh, evilmike_swamp_ruin_rubble_1, swamp_pool5,
          uniq_mlioglotl
Swamp:2:  layout_falls_marsh, hangedman_swamp_diagram, swamp_pool3
Swamp:3:  layout_falls_marsh, serial_swamp_ruin, evilmike_swamp_ruin_rubble_2,
          hangedman_swamp_ruin_wall, evilmike_swamp_ruin_house_4
Swamp:4:  swamp_pestilence, layout_basic_swamp, nicolae_swamp_fairy_circle
Snake:1:  layout_layer_cave, portal_ice_cave_entry_ice_statue_two
Snake:2:  layout_onion, uniq_aizul
Snake:3:  layout_rooms, minmay_shop_grove, uniq_kirke
Snake:4:  johnstein_snake_rune_scales, layout_cave_town, serial_shops,
          nicolae_shop_behind_doors, gammafunk_ghost_necromancy, uniq_vashnia
Slime:1:  cheibrodos_slime_lost_civilization_3, layout_caves
Slime:2:  layout_caves
Slime:3:  layout_caves
Slime:4:  layout_caves
Slime:5
Orc:1:    layout_caves, serial_shops, shop, basic_altar, uniq_erica
Orc:2:    st_orc_rangers, layout_diamond_mine, mines3_lemuel, uniq_donald,
          uniq_snorg
Elf:1:    eino_elf_arrival_the_gate, layout_loops_ring, minmay_elf_annihilation,
          lemuel_upstairs_altar
Elf:2:    nicolae_elf_blades_splatter_lattice
          [nicolae_vaults_blade_armed_guards], layout_onion_city,
          evilmike_minifort, uniq_zenata
Elf:3:    grunt_elf_hall_asides, layout_onion_city, serial_shops,
          bzr_entry_islet
Vaults:1: advil_vaults_ghost_lines, vaults_room_fours,
          nicolae_vaults_sealed_display, nicolae_vaults_network_quinsquares
          [nicolae_vaults_network_quincunx_subvault,
          nicolae_vaults_network_quincunx_subvault,
          nicolae_vaults_network_quincunx_subvault,
          nicolae_vaults_network_quincunx_subvault], v_pattern_4,
          grunt_vaults_diagonal, vaults_standard_mumra_x,
          ontoclasm_vaults_twist, vaults_room_fours, layout_vaults_maze_snakey,
          uniq_nikola
Vaults:2: nicolae_vaults_turnstiles, nicolae_vaults_rhombus_5,
          ontoclasm_vaults_idyll, v_misc_11, nicolae_vaults_tetromino_Z_2,
          nicolae_vaults_sightless_eye,
          nicolae_vaults_antechamber_and_loot_room, ontoclasm_vaults_eye,
          nicolae_vaults_tetromino_Z_1, minmay_crypt_entry_simple_round,
          hangedman_vaults_slice, layout_vaults_big_room
Vaults:3: nicolae_vaults_offset_grid_hallway_2,
          nicolae_vaults_trapezoid_lopsided_1, st_spiral_rooms,
          nicolae_vaults_double_plus_1, nicolae_vaults_trapezoid_layered,
          grunt_vaults_focal, v_rooms_6, nicolae_vaults_border_crossing,
          ontoclasm_vaults_loading_screen, ontoclasm_vaults_gateway,
          nicolae_vaults_double_plus_1, vaults_mumra_minichess,
          nicolae_vaults_doubleplus_tesselated, ontoclasm_vaults_loading_screen,
          nicolae_vaults_big_ls, v_alt_pattern_2, layout_vaults_omnibox,
          serial_shops, shop_fountains, uniq_xtahua
Vaults:4: portal_desolation_entry_nicolae_nacl, nicolae_vaults_trapezoid_4,
          v_pattern_2, vaults_dpeg_cross, nicolae_vaults_heart-shaped_vault,
          nicolae_vaults_steering_wheel, vaults_dpeg_hooks,
          hangedman_vaults_capsules, ontoclasm_vaults_fault,
          layout_vaults_omnigrid, serial_shops, bzr_entry_dummy
Vaults:5: serial_shops
Crypt:1:  layout_gridlike, minmay_misc_feat_pillars, grunt_crypt_arrival_webbed
Crypt:2:  layout_basic, uniq_saint_roka
Crypt:3:  due_elkab, layout_chaotic_city, nicolae_tomb_entry_grand_gallery,
          minmay_misc_feat_alley, glass_columns_a, uniq_grunn
Depths:1: layout_honeycomb, enter_ziggurat_c, rand_demon_pan_entry_4,
          hell_entry, nrook_campfire, evilmike_ambush
          [evilmike_ambush_outer_corners, evilmike_ambush_inner_basic],
          grunt_megastairs_1, uniq_enchantress
Depths:2: minmay_skeletal_surprise, layout_basic, rand_demon_pan_entry_7,
          serial_shops, shop, shop_statue, nicolae_shop_hallway_stairs,
          grunt_hell_entry_dis_mu, serial_bayou_shore_b, uniq_bai_suzhen,
          uniq_asterion
Depths:3: minmay_the_grid_four_pointed_star [minmay_the_grid_triangle_9x9_cache,
          minmay_the_grid_triangle_9x9_zippers_horizontal,
          minmay_the_grid_triangle_9x9_empty,
          minmay_the_grid_triangle_9x9_wacky_v, minmay_the_grid_prize_big_room],
          layout_small_grid, minmay_room_of_horrors, hell_entry,
          chequers_serial_rivers_marsh, brannock_xom_greatest_gift
Depths:4: lemuel_castle_with_subvaults [lemuel_castle_interior_carwin_2],
          layout_basic, minmay_misc_feat_four_crosses, serial_shops, shop,
          hell_entry, drop_trap
Hell
Zot:1:    layout_basic, grunt_ministairs_12, st_stairs_6, bh_zot_lava_cross
Zot:2:    layout_onion_interference, grunt_megastairs_4, uniq_parghit
Zot:3:    layout_basic, st_stairs_4
Zot:4:    layout_basic, grunt_megastairs_2

Skill      XL: |  1  2  3  4  5  6  7  8  9 10 11 12 13 14 15 16 17 18 19 20 21 22 23 24 25 |
---------------+----------------------------------------------------------------------------+-----
Long Blades    | 4 5 6 7 8 11 14 17 20 | 20.2
Dodging        | 4 5 6 8 9 11 13 15 17 21 22 | 22.7
Fighting       | 8 14 18 20 21 22 | 22.5
Armour         | 8 10 11 14 17 20 | 20.4
Shields        | 1 9 13 17 20 | 20.4
Invocations    | 3 10 14 15 | 15.0
Evocations     | 2 3 9 15 20 | 20.0
Stealth        | 7 11 15 | 15.5
Throwing       | |  2.0

Action                     |  1- 3 |  4- 6 |  7- 9 | 10-12 | 13-15 | 16-18 | 19-21 | 22-24 | 25-27 || total
---------------------------+-------+-------+-------+-------+-------+-------+-------+-------+-------++-------
  Melee: Demon blade       |    56 |    58 |   147 |   331 |   738 |   522 |   975 |  2862 |   570 ||  6259
         Headbutt          |     4 |     9 |    25 |    90 |   168 |   157 |   289 |   933 |   199 ||  1874
         Punch             |       |       |     3 |     7 |     7 |       |       |       |       ||    17
         Scimitar          |       |       |       |     3 |    12 |   119 |       |       |       ||   134
         Bite              |       |       |       |       |       |       |       |   148 |   110 ||   258
  Throw: Throwing net      |       |       |       |     2 |       |       |       |       |     4 ||     6
         Javelin           |       |       |       |       |     7 |       |     1 |       |       ||     8
 Invoke: Ancestor Life: Ba |       |     1 |       |       |       |       |       |       |       ||     1
         Recall Ancestor   |       |     1 |       |     4 |     5 |     6 |     2 |     1 |       ||    19
         Idealise          |       |       |       |       |     1 |     1 |       |       |       ||     2
         Oozemancy         |       |       |       |       |       |       |       |     6 |       ||     6
         Slimify           |       |       |       |       |       |       |       |     1 |       ||     1
Ability: Evoke Blink       |       |       |       |       |       |       |     1 |       |       ||     1
         Evoke Invisibilit |       |       |       |       |       |       |       |       |     1 ||     1
  Evoke: Wand              |       |       |       |       |     7 |     2 |     5 |     2 |     1 ||    17
    Use: Scroll            |     3 |       |    13 |       |    22 |    10 |     9 |    14 |    12 ||    83
         Potion            |       |       |       |     1 |     5 |    10 |     6 |    11 |       ||    33
   Stab: Sleeping          |     2 |       |     3 |       |       |     3 |    12 |    46 |     9 ||    75
         Distracted        |       |       |     2 |     3 |    15 |    12 |    31 |    42 |     3 ||   108
         Invisible         |       |       |       |       |       |     1 |     1 |       |     2 ||     4
         Held in net/web   |       |       |       |       |       |       |       |       |     2 ||     2
 Armour: Leather armour    |    11 |       |       |       |       |       |       |       |       ||    11
         Robe              |       |     8 |    29 |    20 |    53 |       |       |    27 |       ||   137
         Ring mail         |       |       |       |       |    86 |    99 |   131 |    92 |       ||   408
         Ice dragon scales |       |       |       |       |       |    40 |       |       |       ||    40
         Acid dragon scale |       |       |       |       |       |       |       |   282 |   130 ||   412
  Dodge: Dodged            |    38 |    31 |   114 |   247 |   688 |   243 |   447 |  1603 |   376 ||  3787
  Block: Kite shield       |       |       |       |       |   188 |   525 |   681 |  1884 |   401 ||  3679
         Reflection        |       |       |       |       |     2 |    82 |    25 |       |       ||   109
